 Dungeon Crawl Stone Soup version 0.21-a0-450-gd87a9b2 (webtiles) character file.

44 slep the Skirmisher (level 3, -3/29 HPs)
             Began as a Demonspawn Monk on Nov 18, 2017.
             Slain by a worm (5 damage)
             ... on level 2 of the Dungeon.
             The game lasted 00:04:39 (818 turns).

slep the Skirmisher (Demonspawn Monk)                Turns: 818, Time: 00:04:40

Health: -3/29      AC:  4    Str:  8 (11) XL:     3   Next: 39%
Magic:  3/3        EV: 12    Int:  9 (11) God:
Gold:   115        SH:  0    Dex: 14 (16) Spells: 2/2 levels left

rFire    . . .     SeeInvis .   a - +0 falchion
rCold    . . .     Gourm    .   (no shield)
rNeg     . . .     Faith    .   j - +0 leather armour
rPois    .         Spirit   .   (helmet restricted)
rElec    .         Reflect  .   (no cloak)
rCorr    +         Harm     .   (no gloves)
MR       .....                  (no boots)
Stlth    ++........             (no amulet)
HPRegen  0.09/turn              f - ring of resist corrosion
MPRegen  0.08/turn              (no ring)

@: no status effects
A: horns 1, rugged brown scales 1
a: no special abilities


You were on level 2 of the Dungeon.
You were not hungry.

You visited 1 branch of the dungeon, and saw 2 of its levels.

You collected 115 gold pieces.

Inventory:

Hand Weapons
 a - a +0 falchion (weapon)
 m - a +1 hand axe of flaming
Missiles
 k - 2 tomahawks (quivered)
Armour
 b - a +0 robe
 j - a +0 leather armour (worn)
Jewellery
 f - a ring of resist corrosion (left hand)
Scrolls
 h - 3 scrolls of identify {unknown}
 i - 2 scrolls of remove curse {unknown}
Potions
 d - a potion of degeneration
 e - a potion of ambrosia
 g - a potion of heal wounds {unknown}
Comestibles
 c - 2 bread rations
 l - a meat ration
 n - 4 chunks of flesh


   Skills:
 + Level 3.5 Fighting
 + Level 3.0 Long Blades
 + Level 0.3 Armour
 + Level 3.1 Dodging
 + Level 2.1 Stealth


You had 2 spell levels left.
You didn't know any spells.

Dungeon Overview and Level Annotations

Branches:
Dungeon (2/15)

Altars:


Innate Abilities, Weirdness & Mutations

You have a pair of small horns on your head.
You are partially covered in rugged brown scales. (AC +1, +3% HP)


Message History

The worm bites you!
* * * LOW HITPOINT WARNING * * *
You hit the worm.
The worm is moderately wounded.
You hit the worm.
The worm is heavily wounded.
The worm closely misses you.
You hit the worm but do no damage. You headbutt the worm.
The worm is heavily wounded.
The worm barely misses you.
You hit the worm but do no damage.
The worm is heavily wounded.
You hit the worm but do no damage.
The worm is heavily wounded.
The worm bites you.
* * * LOW HITPOINT WARNING * * *
You hit the worm.
The worm is heavily wounded.
The worm bites you.
You die...

# ##.## #.#
####...###.#
.........)..
####)..###.# # ##.##
#.#
#####†####.#########.
...................ww
..###..........#w#
...##......###..@#
.......##### #####
...##..# #.###..# #.#
#..# # #..# #..


You could see a worm.

Vanquished Creatures
  An adder (D:2)
  A worm (D:2)
  A dart slug (D:2)
  2 giant cockroaches
  4 goblins
  3 hobgoblins (D:1)
  4 kobolds (D:1)
  A quokka (D:2)
  5 bats (D:1)
  4 frilled lizards
  6 rats
32 creatures vanquished.

Notes
Turn   | Place    | Note
-------+----------+-------------------------------------------
     0 | D:1      | slep the Demonspawn Monk began the quest for the Orb.
     0 | D:1      | Reached XP level 1. HP: 18/18 MP: 1/1
   165 | D:1      | Gained mutation: You have a pair of small horns on your head. [demonic ancestry]
   165 | D:1      | Reached XP level 2. HP: 6/24 MP: 2/2
   772 | D:2      | Gained mutation: You are partially covered in rugged brown scales. (AC +1, +3% HP) [demonic ancestry]
   772 | D:2      | Reached XP level 3. HP: 19/29 MP: 3/3
   818 | D:2      | Slain by a worm

Vault maps used:
D:1:      minmay_arrival_stone_box, roderic_roman_lattice
D:2:      first_bread

Skill      XL: |  1  2 |
---------------+-------+-----
Dodging        | 3 |  3.1
Stealth        | 2 |  2.1
Long Blades    | 3 |  3.0
Fighting       | |  3.5
Armour         | |  0.3

Action                   || total
-------------------------++-------
Melee: Falchion          ||   101
       Headbutt          ||     7
  Use: Potion            ||     2
 Stab: Sleeping          ||     7
Armor: Leather armour    ||    15
Dodge: Dodged            ||    63
       Rpst.: Falchion   ||    17

Table legend:
 A = Spawn XP
 B = Non-spawn XP
 C = Spawn XP percentage of total XP
 D = Spawn monster count
 E = Non-spawn monster count
 F = Spawn count percentage of total count
 G = Total turns spent on level
                    A         B        C        D         E        F      G
               +---------+---------+-------+---------+---------+-------+---------
         Total |       0 |      63 |   0.0 |       0 |      32 |   0.0 |   818
               +---------+---------+-------+---------+---------+-------+---------
           D:1 |       0 |      29 |   0.0 |       0 |      20 |   0.0 |   712
           D:2 |       0 |      34 |   0.0 |       0 |      12 |   0.0 |   106
               +---------+---------+-------+---------+---------+-------+---------
